 Dungeon Crawl Stone Soup version 0.31-a0-986-g5e6e4ef867 (webtiles) character file.

Game seed: 8068980396878119420

177647 pokeman the Sorcerer (level 17, -2/97 HPs)
             Began as a Deep Elf Hedge Wizard on Nov 17, 2023.
             Was the Champion of Vehumet.
             Slain by a death yak (16 damage)
             ... led by Polyphemus
             ... on level 4 of the Shoals.
             The game lasted 01:39:50 (32055 turns).

pokeman the Sorcerer (Deep Elf Hedge Wizard)       Turns: 32055, Time: 01:39:51

Health: -2/97      AC: 22    Str:  7    XL:     17   Next: 26%
Magic:  29/57      EV: 10    Int: 32    God:    Vehumet [******]
Gold:   1250       SH:  7    Dex: 14    Spells: 18/66 levels left

rFire   + + .        L - staff of fire
rCold   . . .        j - +2 buckler {rC+}
rNeg    . . .        r - +7 ring mail of the Gastropod {Int+4}
rPois   .            Z - +0 hat of Plog {Regen+}
rElec   .            F - +0 cloak
rCorr   .            X - +2 pair of gloves {Stlth+}
SInv    .            A - +1 pair of boots
Will    +....        x - amulet of regeneration
Stlth   ++           c - ring of fire
HPRegen 1.96/turn    E - ring of magical power
MPRegen 0.35/turn

%: no passive effects
@: very slow
A: iridescent scales 1
}: 1/15 runes: barnacled
a: Renounce Religion


You were on level 4 of the Shoals.
You worshipped Vehumet.
Vehumet was exalted by your worship.
You visited 5 branches of the dungeon, and saw 27 of its levels.
You also visited: Bailey and Ice Cave.

You collected 2597 gold pieces.
You spent 1347 gold pieces at shops.

Inventory:

Missiles
 H - a throwing net
Armour
 f - a +2 leather armour of fire resistance
 j - a +2 buckler of cold resistance (worn)
 r - the +7 ring mail of the Gastropod (worn) {Int+4}
   (You found it in an ice cave)

   Int+4:     It affects your intelligence (+4).
 t - a +1 buckler of fire resistance
 A - a +1 pair of boots (worn)
 F - a +0 cloak (worn)
 X - a +2 pair of gloves of stealth (worn)
 Z - the +0 hat of Plog (worn) {Regen+}
   (You found it on level 9 of the Dungeon)

   Regen+:    It increases your rate of health regeneration.
Magical Staves
 w - a staff of cold
 L - a staff of fire (weapon)
Jewellery
 a - a ring of ice
 c - a ring of fire (left hand)
 x - an amulet of regeneration (around neck)
 B - a ring of see invisible
 E - a ring of magical power (right hand)
 J - a ring of protection from cold
 M - an amulet of guardian spirit
 S - a +6 ring of strength
 W - a +6 ring of intelligence
Wands
 b - a wand of roots (20)
 k - a wand of quicksilver (4)
 s - a wand of flame (9)
 G - a wand of paralysis (11)
 I - a wand of polymorph (2)
 O - a wand of digging (8)
Scrolls
 e - 2 scrolls of enchant armour
 g - 6 scrolls of blinking
 p - a scroll of identify
 u - 2 scrolls of enchant weapon
 y - 3 scrolls of fear
 z - 17 scrolls of teleportation
 C - a scroll of brand weapon
 D - a scroll of fog
 N - a scroll of immolation
 Q - a scroll of vulnerability
 T - 6 scrolls of revelation
Potions
 d - a potion of magic
 h - 2 potions of attraction
 i - a potion of enlightenment
 l - 5 potions of ambrosia
 m - 13 potions of curing
 n - 3 potions of haste
 o - 2 potions of mutation
 q - 3 potions of brilliance
 v - 9 potions of heal wounds
 K - 2 potions of invisibility
 P - 2 potions of cancellation
 R - a potion of berserk rage
 V - a potion of lignification
Miscellaneous
 U - a phial of floods


   Skills:
 + Level 7.7 Fighting
 - Level 8.0 Armour
 - Level 3.0 Dodging
 - Level 3.0 Stealth
 - Level 5.1 Shields
 * Level 25.3 Spellcasting
 + Level 15.7 Conjurations
 - Level 1.1 Summonings
 - Level 1.1 Translocations
 - Level 1.1 Transmutations
 + Level 15.3 Fire Magic
 - Level 1.2 Ice Magic
 - Level 1.0 Air Magic
 - Level 1.0 Poison Magic
 - Level 1.0 Evocations


You had 18 spell levels left.
You knew the following spells:

 Your Spells              Type           Power      Damage    Failure   Level
a - Magic Dart            Conj           100%       1d8       0%          1
b - Mephitic Cloud        Conj/Pois/Air  68%        N/A       1%          3
c - Call Imp              Summ           94%        N/A       2%          2
d - Blink                 Tloc           94%        N/A       2%          2
e - Foxfire               Conj/Fire      100%       2x1d9     0%          1
f - Fireball              Conj/Fire      71%        3d27      1%          5
g - Freezing Cloud        Conj/Ice/Air   34%        6-21      1%          5
h - Irradiate             Conj/Tmut      38%        3d24      1%          5
i - Swiftness             Air            47%        N/A       5%          3
j - Starburst             Conj/Fire      71%        6d18      1%          6
k - Orb of Destruction    Conj           48%        9d13      1%          7
l - Ignition              Fire           71%        3d19      9%          8

Your spell library contained the following spells:

 Spells                   Type           Power      Damage    Failure   Level
 Scorch                   Fire           100%       2d9       0%          2
 Kiss of Death            Conj/Necr      100%       2d13      1%          1
 Sting                    Tmut/Pois      100%       1d8       1%          1
 Dazzling Flash           Conj/Hex       100%       N/A       1%          3
 Frozen Ramparts          Ice            96%        1d15      1%          3
 Hailstorm                Conj/Ice       76%        3d16      1%          3
 Ignite Poison            Fire/Tmut/Pois 100%       N/A       1%          3
 Volatile Blastmotes      Fire/Tloc      100%       2d18      1%          3
 Flame Wave               Conj/Fire      100%       2d21      1%          4
 Arcjolt                  Conj/Air       38%        1d48      1%          5
 Slow                     Hex            100%       N/A       2%          1
 Cigotuvi's Dreadful Rot  Necr/Pois/Air  88%        N/A       3%          2
 Ensorcelled Hibernation  Hex/Ice        88%        N/A       3%          2
 Passwall                 Tmut/Erth      36%        N/A       3%          2
 Sublimation of Blood     Necr           40%        N/A       4%          2
 Conjure Ball Lightning   Conj/Air       38%        3x3d12    4%          6
 Plasma Beam              Fire/Air       59%        2x1d74    4%          6
 Call Canine Familiar     Summ           47%        N/A       5%          3
 Gell's Gravitas          Tloc           47%        N/A       5%          3
 Teleport Other           Tloc           47%        N/A       5%          3
 Confusing Touch          Hex            40%        N/A       9%          3
 Sigil of Binding         Hex            40%        N/A       9%          3
 Vampiric Draining        Necr           40%        2d8       9%          3
 Summon Ice Beast         Ice/Summ       48%        N/A       17%         4
 Vhi's Electric Charge    Tloc/Air       94%        N/A       17%         4
 Dimensional Bullseye     Hex/Tloc       22%        N/A       22%         4
 Petrify                  Tmut/Erth      44%        N/A       22%         4
 Anguish                  Hex/Necr       20%        N/A       26%         4
 Animate Dead             Necr           40%        N/A       26%         4
 Dispel Undead            Necr           40%        3d16      26%         4
 Leda's Liquefaction      Hex/Erth       20%        N/A       26%         4
 Metabolic Englaciation   Hex/Ice        22%        N/A       52%         5
 Silence                  Hex/Air        21%        N/A       52%         5
 Summon Cactus Giant      Summ           23%        N/A       95%         6
 Simulacrum               Ice/Necr       22%        N/A       97%         6
 Haunt                    Necr/Summ      22%        N/A       100%        7
 Borgnjor's Revivificati  Necr           20%        N/A       100%        8
 Disjunction              Tloc           23%        N/A       100%        8
 Maxwell's Capacitive Co  Air            23%        ∞         100%        8
 Death's Door             Necr           20%        N/A       100%        9


Dungeon Overview and Level Annotations

Branches:
Dungeon (15/15)            Temple (1/1) D:7            Lair (5/5) D:11
 Shoals (4/4) Lair:3        Snake (0/4) Lair:2        Slime (0/5) Lair:4
    Orc (2/2) D:12            Elf (0/3) Orc:2        Vaults (0/5) D:13
 Depths (0/4) D:15         Bailey (visited)           IceCv (visited)

Altars:
Ashenzari
Cheibriados
Dithmenos
Elyvilon
Fedhas
Gozag
Hepliaklqana
Kikubaaqudgha
Makhleb
Nemelex Xobeh
Okawaru
Qazlal
Ru
Sif Muna
Trog
Uskayaw
Vehumet
Wu Jian
Xom
Yredelemnul
Zin
The Shining One
Jiyva
Lugonu

Shops:
D:4 !!*(   D:8 [   D:11 *   Orc:1 *   Orc:2 ?*??   Shoals:1 (*:*   Shoals:3 =

Portals:
Abyss: Lair:5

Annotations:
D:4 Scroll behind rock
Shoals:4 Polyphemus


Innate Abilities, Weirdness & Mutations

You are partially covered in iridescent scales. (AC +2)


Message History

Casting: Fireball (safe; 1% risk of failure)
Confirm with . or Enter, or press ? or * to list all spells.
Aiming: Fireball (safe; 1% risk of failure)
Press: ? - help, Shift-Dir - straight line, p - holy swine You feel a strong surge of power!
The fireball explodes!
The fireball engulfs the holy swine!!!
You kill the holy swine!
Vehumet accepts your kill.
You feel your power returning.
A merfolk impaler comes into view.
It is wielding the +7 halberd of Qackapp {protect, Will+++}.
Casting: Fireball (safe; 1% risk of failure)
Confirm with . or Enter, or press ? or * to list all spells.
Aiming: Fireball (safe; 1% risk of failure)
Press: ? - help, Shift-Dir - straight line You feel a strong surge of power!
The fireball explodes!
The fireball engulfs the merfolk impaler!!!
The merfolk impaler is severely wounded.
You hear a bellow!
Unknown command.
The death yak is engulfed in a cloud of scalding steam.
The merfolk impaler is engulfed in a cloud of scalding steam.
Polyphemus is engulfed in a cloud of scalding steam.
Polyphemus glares at you with his lone eye.
Polyphemus throws the catoblepas at you!
The catoblepas closely misses you.
The merfolk impaler is engulfed in a cloud of scalding steam.
Polyphemus is engulfed in a cloud of scalding steam.
The catoblepas attacks as it pursues you!
The catoblepas gores you!!
You enter the shallow water.
Moving in this stuff is going to be slow.
A sea snake comes into view.
The catoblepas attacks as it pursues you!
You block the catoblepas's attack. The death yak gores you!
A cherub comes into view.
It is wielding a +3 falchion of flaming.
You block the catoblepas's attack.
Polyphemus throws a large rock.
The large rock hits you!!!
* * * LOW HITPOINT WARNING * * *
The death yak gores you!
You die...

Y...YC.~~≈≈≈§§~#.<........#
Y...§§#~A≈≈≈~~.##.###[[.###.~~
.C... ##.~~~.~.~###.~.~~~..P.~
.Y.. ###~~.##.~..~†[~~~~PP.~
... #~.~##.~~~≈≈≈≈≈≈~.~.. ..
#..SY~≈≈≈≈≈≈≈≈≈≈≈≈≈.P .
#..m~C≈≈≈≈≈≈≈≈≈≈≈≈≈≈≈
#.).YY≈≈≈≈.[~.~~≈≈≈≈≈
#~~.##@~~.~~~..~~~~≈≈
###~~~##......~~..~.~~~
##PP~≈~...####..P.##P..
.#~~~≈≈≈~.##......(.##
..~~≈≈≈~~P#[<.....P..# ~~
....≈≈≈~.##..........#~.~
..~≈≈≈~.~#.............~P
~.~≈≈≈~.................~
.~≈≈≈~...........P#####..


You could see Polyphemus, a merfolk impaler, 2 death yaks, a catoblepas, a
cherub and a sea snake.

Vanquished Creatures
  A frost giant (IceCv)
  An orc warlord (Orc:2)
  An angel (Shoals:4)
  An apis (Shoals:4)
  2 eleionomae (Shoals:3)
  2 merfolk javelineers
  4 merfolk impalers
  Josephine (Lair:3)
  Fannar (Orc:1)
  A great orb of eyes (shapeshifter) (Lair:5)
  10 hydras
  The ghost of HilariousDeathArtist the Fighter, a journeyman BaIE of the Shining One (Lair:1)
  A sphinx zombie (D:15)
  5 centaur warriors
  5 satyrs (Shoals:3)
  3 boulder beetles
  4 two-headed ogres
  A tengu warrior (D:14)
  4 merfolk avatars
  17 death yaks
  4 thrashing horrors (Lair:5)
  2 merfolk aquamancers (Shoals:2)
  A vampire mage (D:15)
  A sphinx skeleton (D:15)
  5 orc high priests (Orc:2)
  3 holy swine
  A fire crab (Shoals:1)
  Amaemon (D:9)
  Nergalle (D:12)
  A fire crab (shapeshifter) (D:13)
  3 skeletal warriors (D:15)
  10 skysharks
  A cherub (Shoals:4)
  A deep troll (D:13)
  10 sea snakes
  A deep troll (shapeshifter) (Lair:5)
  Pikel (D:6)
  3 deep elf pyromancers
  A deep elf zephyrmancer (D:9)
  6 orc knights (Orc:2)
  2 necromancers
  25 ugly things
  12 manticores
  An orc sorcerer (Orc:2)
  A cyclops (shapeshifter) (Lair:5)
  4 cyclopes
  A salamander (Lair:2)
  23 fauns
  9 elephants (Lair:5)
  10 merfolk sirens
  4 black mambas
  An eye of devastation (Lair:4)
  A smoke demon (Lair:5)
  3 gargoyles
  An ice statue (IceCv)
  10 water nymphs
  7 cane toads
  An orange demon (D:9)
  2 unseen horrors
  A rime drake (shapeshifter) (Lair:5)
  A yaktaur (shapeshifter) (D:13)
  2 rime drakes
  A komodo dragon (shapeshifter) (D:14)
  An efreet (D:13)
  A freezing wraith (D:15)
  8 komodo dragons
  2 tengu conjurers (D:14)
  17 merfolk
  7 trolls
  9 meliai
  A hornet (D:9)
  9 polar bears
  7 wind drakes
  A glass eye (Lair:4)
  2 raiju (Lair:5)
  23 blink frogs
  5 snapping turtles
  6 dream sheep
  A shadow (D:11)
  4 spriggans
  7 water elementals
  A ynoxinul (Lair:5)
  7 wraiths
  3 wyverns
  70 yaks
  2 fire bats (Shoals:1)
  6 basilisks
  2 chaos spawn (Lair:5)
  4 steam dragons
  4 wargs (Orc:2)
  2 acid dragons
  3 nagas (Lair:2)
  14 water moccasins
  Duvessa (D:6)
  3 ice beasts
  A swamp drake (D:9)
  42 orc warriors
  A black bear (D:6)
  8 ogres
  23 wolves
  17 centaurs
  A lemure (D:6)
  A phantom (D:5)
  A kobold brigand (D:8)
  A gnoll sergeant (D:10)
  18 bullfrogs
  5 scorpions
  4 wights
  Dowan (D:6)
  17 killer bees
  6 howler monkeys
  8 electric eels
  A crimson imp (D:9)
  31 orc priests
  2 hounds
  2 sleepcaps
  A jelly (D:6)
  An iron imp (D:9)
  An iguana (D:4)
  30 orc wizards
  Natasha (thrice) (D:2)
  5 hell rats (Lair:4)
  8 small abominations (Lair:5)
  15 gnolls
  2 adders (D:3)
  2 shadow imps
  2 white imps
  4 ufetubi (D:7)
  A worm (D:2)
  A dart slug (D:3)
  117 orcs
  5 ball pythons
  9 endoplasms
  3 giant cockroaches
  6 goblins
  4 hobgoblins
  3 jackals (D:1)
  6 quokkas
  5 bats
  2 frilled lizards
  10 kobolds
  2 rats
918 creatures vanquished.

Vanquished Creatures (others)
  A white imp (D:9)
  2 orcs (D:9)
  372 foxfires
375 creatures vanquished.

Grand Total: 1293 creatures vanquished

Notes
Turn   | Place    | Note
-------+----------+-------------------------------------------
     0 | D:1      | pokeman the Deep Elf Hedge Wizard began the quest for the
                  | Orb.
     0 | D:1      | Reached XP level 1. HP: 10/10 MP: 7/7
   336 | D:1      | Reached XP level 2. HP: 15/15 MP: 5/9
   927 | D:1      | Reached skill level 5 in Spellcasting
  1355 | D:2      | Reached XP level 3. HP: 20/20 MP: 3/11
  1359 | D:2      | Learned a level 3 spell: Mephitic Cloud
  1362 | D:2      | Learned a level 2 spell: Call Imp
  1365 | D:2      | Learned a level 2 spell: Blink
  1671 | D:2      | Noticed Natasha
  1678 | D:2      | Killed Natasha
  1679 | D:2      | Reached skill level 1 in Fighting
  1679 | D:2      | Reached skill level 1 in Armour
  1786 | D:2      | Reached XP level 4. HP: 20/25 MP: 1/13
  1991 | D:2      | Noticed Natasha
  1998 | D:2      | Killed Natasha
  2071 | D:2      | Noticed Natasha
  2114 | D:2      | Killed Natasha
  2683 | D:3      | Reached skill level 6 in Spellcasting
  2683 | D:3      | Reached XP level 5. HP: 27/29 MP: 8/15
  3158 | D:4      | Identified the +10 spear "ETAOIN SHRDLU" {speed, rF+ rC+
                  | rCorr Dex+2}
  3262 | D:4      | Found Hysam's Weapon Shop.
  3285 | D:4      | Found Leodeiho's Distillery.
  3400 | D:4      | Found Duma's Assorted Antiques.
  3428 | D:4      | Found Petafu's Distillery.
  3474 | D:4      | Reached skill level 1 in Poison Magic
  3849 | D:5      | Entered Level 5 of the Dungeon
  3935 | D:5      | Reached skill level 1 in Air Magic
  3935 | D:5      | Reached skill level 1 in Evocations
  3936 | D:5      | Reached XP level 6. HP: 34/34 MP: 8/17
  4132 | D:5      | Noticed an ice beast
  4157 | D:5      | Killed an ice beast
  4158 | D:5      | Reached skill level 1 in Shields
  4158 | D:5      | Reached skill level 7 in Spellcasting
  4432 | D:5      | Learned a level 6 spell: Starburst
  4436 | D:5      | Learned a level 3 spell: Swiftness
  4537 | D:5      | Reached XP level 7. HP: 37/38 MP: 15/20
  4622 | D:5      | Reached skill level 8 in Spellcasting
  4622 | D:5      | Reached skill level 1 in Fire Magic
  5189 | D:6      | Noticed Pikel
  5211 | D:6      | Killed Pikel
  5212 | D:6      | Reached skill level 9 in Spellcasting
  5212 | D:6      | Reached XP level 8. HP: 27/43 MP: 15/23
  5218 | D:6      | Reached skill level 5 in Conjurations
  5354 | D:6      | Reached skill level 10 in Spellcasting
  5612 | D:6      | Reached XP level 9. HP: 48/48 MP: 14/25
  5915 | D:6      | Noticed Duvessa
  5923 | D:6      | Noticed Dowan
  5925 | D:6      | Killed Duvessa
  5926 | D:6      | Reached skill level 11 in Spellcasting
  5937 | D:6      | Killed Dowan
  6835 | D:7      | Found a flagged portal.
  6861 | Bailey   | Entered a bailey
  6938 | Bailey   | Reached skill level 5 in Fire Magic
  7028 | Bailey   | Reached skill level 12 in Spellcasting
  7066 | Bailey   | Noticed a two-headed ogre
  7089 | Bailey   | Killed a two-headed ogre
  7138 | Bailey   | Identified the +5 acid dragon scales of Fallacy {Harm rPois
                  | rCorr Str+2}
  7221 | Bailey   | Reached XP level 10. HP: 56/56 MP: 28/28
  7420 | D:7      | Found a staircase to the Ecumenical Temple.
  7439 | Temple   | Entered the Ecumenical Temple
  7452 | Temple   | Became a worshipper of Vehumet
  8335 | D:4      | Bought a scroll labelled GIONLOOMEO for 27 gold pieces
  8335 | D:4      | Bought a scroll labelled TERO PYDAOZALL for 27 gold pieces
  8335 | D:4      | Bought a scroll labelled HIMEGUSTRU EDON for 27 gold pieces
  8335 | D:4      | Bought a scroll labelled AXAWNIY KUGUN for 27 gold pieces
  8335 | D:4      | Bought a fizzy clear potion for 24 gold pieces
  8351 | D:4      | Bought a potion of heal wounds for 60 gold pieces
  8351 | D:4      | Bought 2 potions of curing for 72 gold pieces
  8351 | D:4      | Bought a potion of curing for 36 gold pieces
  8360 | D:4      | Bought a potion of heal wounds for 55 gold pieces
  8427 | D:8      | Reached skill level 13 in Spellcasting
  8538 | D:8      | Found Amid Zyi's Armour Boutique.
  9089 | D:8      | Reached * piety under Vehumet
  9089 | D:8      | Offered knowledge of Freeze by Vehumet.
  9363 | D:9      | You fall into a shaft and drop 3 floors!
  9386 | D:12     | Noticed a boulder beetle
  9399 | D:12     | Noticed Nergalle
  9413 | D:12     | Noticed a manticore
  9556 | D:12     | Noticed a brown ugly thing
  9590 | D:12     | Killed a white ugly thing
  9744 | D:12     | Killed a manticore
  9838 | D:12     | Reached skill level 14 in Spellcasting
 10058 | D:11     | Found a staircase to the Lair.
 10061 | D:10     | Entered Level 10 of the Dungeon
 10065 | D:10     | Noticed a two-headed ogre
 10075 | D:10     | Killed a two-headed ogre
 10075 | D:10     | Offered knowledge of Foxfire by Vehumet.
 10078 | D:10     | Learned a level 1 spell: Foxfire
 10161 | D:9      | Noticed an orange demon
 10174 | D:9      | Noticed Amaemon
 10177 | D:9      | Killed an orange demon
 10177 | D:9      | Reached ** piety under Vehumet
 10181 | D:9      | Killed Amaemon
 10182 | D:9      | Reached XP level 11. HP: 55/61 MP: 16/31
 10530 | D:9      | Noticed a deep elf zephyrmancer
 10534 | D:9      | Killed a deep elf zephyrmancer
 10545 | D:9      | Identified the +1 robe of Plog {rF+}
 10551 | D:9      | Noticed a deep elf pyromancer
 10557 | D:9      | Killed a deep elf pyromancer
 10558 | D:9      | Reached skill level 15 in Spellcasting
 10706 | D:9      | Identified the +0 hat of Plog {Regen+}
 11236 | D:10     | Offered knowledge of Static Discharge by Vehumet.
 11418 | D:10     | Reached *** piety under Vehumet
 11584 | D:10     | Offered knowledge of Stone Arrow by Vehumet.
 11715 | D:10     | Found a basalt altar of Yredelemnul.
 12094 | D:11     | Noticed a two-headed ogre
 12102 | D:11     | Killed a two-headed ogre
 12103 | D:11     | Reached skill level 16 in Spellcasting
 12154 | D:11     | Noticed a two-headed ogre
 12157 | D:11     | Killed a two-headed ogre
 12183 | D:11     | Reached **** piety under Vehumet
 12234 | D:11     | Noticed a four-headed hydra
 12237 | D:11     | Killed a four-headed hydra
 12326 | D:11     | Found Pekk's Fire Supplies.
 12526 | D:11     | Reached XP level 12. HP: 66/66 MP: 34/34
 12529 | D:11     | Offered knowledge of Irradiate by Vehumet.
 12636 | D:11     | Learned a level 5 spell: Irradiate
 12799 | D:12     | Killed a boulder beetle
 12800 | D:12     | Reached skill level 10 in Conjurations
 12800 | D:12     | Reached skill level 1 in Transmutations
 13286 | D:12     | Killed Nergalle
 13688 | D:12     | Found a staircase to the Orcish Mines.
 13940 | D:13     | Noticed a four-headed hydra
 13941 | D:13     | Noticed a centaur warrior
 13948 | D:13     | Killed a four-headed hydra
 13949 | D:13     | Reached skill level 17 in Spellcasting
 13952 | D:13     | Killed a centaur warrior
 14135 | D:13     | Learned a level 5 spell: Freezing Cloud
 14197 | D:13     | Noticed a five-headed hydra
 14200 | D:13     | Killed a five-headed hydra
 14201 | D:13     | Reached skill level 1 in Ice Magic
 14305 | D:13     | Noticed a centaur warrior
 14313 | D:13     | Killed a centaur warrior
 14562 | D:13     | Reached skill level 5 in Shields
 14562 | D:13     | Reached skill level 10 in Fire Magic
 14569 | D:13     | Reached ***** piety under Vehumet
 14570 | D:13     | Reached skill level 18 in Spellcasting
 14648 | D:13     | Found a gate to the Vaults.
 14648 | D:13     | Noticed a boulder beetle
 14650 | D:13     | Killed a boulder beetle
 15089 | D:14     | Offered knowledge of Yara's Violent Unravelling by Vehumet.
 15195 | D:14     | Found a sparkling altar of Nemelex Xobeh.
 15358 | D:14     | Reached XP level 13. HP: 70/70 MP: 37/37
 15442 | D:14     | Reached skill level 5 in Armour
 15723 | D:14     | Reached skill level 19 in Spellcasting
 15959 | D:15     | Entered Level 15 of the Dungeon
 16187 | D:15     | Found a staircase to the Depths.
 16221 | D:15     | Reached skill level 5 in Fighting
 17233 | Lair:1   | Entered Level 1 of the Lair of Beasts
 17364 | Lair:1   | Reached skill level 20 in Spellcasting
 17632 | Lair:1   | Found a runed translucent gate.
 17632 | Lair:1   | Found a runed translucent gate.
 17642 | Lair:1   | Found a runed translucent gate.
 17642 | Lair:1   | Noticed HilariousDeathArtist's ghost (journeyman BaIE)
 17656 | Lair:1   | Killed HilariousDeathArtist's ghost
 17657 | Lair:1   | Reached XP level 14. HP: 47/79 MP: 36/40
 18492 | Lair:2   | Offered knowledge of Sticky Flame by Vehumet.
 19164 | Lair:2   | Found a staircase to the Snake Pit.
 19419 | Lair:3   | Noticed Josephine
 19428 | Lair:3   | Killed Josephine
 19482 | Lair:3   | Found a staircase to the Shoals.
 19638 | Lair:3   | Identified the +3 pair of gloves of Quantum Leap {-Tele
                  | Will+ Regen+ Slay+4}
 20371 | Lair:3   | Found an ornate altar of the Wu Jian Council.
 20589 | IceCv    | Identified the "Ononk"
 20626 | Lair:4   | Found a frozen archway.
 20631 | IceCv    | Entered an ice cave
 20729 | IceCv    | Reached skill level 21 in Spellcasting
 21401 | IceCv    | Offered knowledge of Fireball by Vehumet.
 21421 | IceCv    | Learned a level 5 spell: Fireball
 21600 | IceCv    | Noticed a frost giant
 21606 | IceCv    | Killed a frost giant
 21716 | IceCv    | Identified the +7 ring mail of the Gastropod {Int+4}
 22354 | Lair:4   | Found a staircase to the Slime Pits.
 22354 | Lair:4   | Found a viscous altar of Jiyva.
 23048 | Lair:5   | Identified the of Joubliopn
 23048 | Lair:5   | Entered Level 5 of the Lair of Beasts
 23058 | Lair:5   | Reached XP level 15. HP: 84/84 MP: 39/42
 23401 | Lair:5   | Reached skill level 22 in Spellcasting
 23763 | Lair:5   | Offered knowledge of Spellforged Servitor by Vehumet.
 24364 | Lair:5   | Found a corrupted altar of Lugonu.
 24470 | Lair:5   | Gained mutation: You are clumsy. (Dex -2) [mutagenic glow]
 24549 | Lair:5   | Found a one-way gate to the infinite horrors of the Abyss.
 25466 | D:4      | Bought a potion of heal wounds for 55 gold pieces
 25466 | D:4      | Bought a potion of mutation for 88 gold pieces
 25474 | D:4      | Bought a potion of haste for 120 gold pieces
 25475 | D:4      | Lost mutation: You are clumsy. (Dex -2) [potion of
                  | mutation]
 25475 | D:4      | Gained mutation: Your flesh is cold resistant. (rC+)
                  | [potion of mutation]
 25475 | D:4      | Gained mutation: You occasionally lose the ability to drink
                  | potions when taking damage. [potion of mutation]
 25475 | D:4      | Gained mutation: You are partially covered in iridescent
                  | scales. (AC +2) [potion of mutation]
 25476 | D:4      | Lost mutation: Your flesh is cold resistant. (rC+) [potion
                  | of mutation]
 25476 | D:4      | Lost mutation: You are partially covered in iridescent
                  | scales. (AC +2) [potion of mutation]
 25476 | D:4      | Gained mutation: You have a pair of small antennae on your
                  | head. [potion of mutation]
 25476 | D:4      | Gained mutation: You are agile. (Dex +4, Str/Int -1)
                  | [potion of mutation]
 25476 | D:4      | Gained mutation: You have large cloven feet. [potion of
                  | mutation]
 25477 | D:4      | Lost mutation: You occasionally lose the ability to drink
                  | potions when taking damage. [potion of mutation]
 25477 | D:4      | Lost mutation: You have a pair of small antennae on your
                  | head. [potion of mutation]
 25477 | D:4      | Lost mutation: You are agile. (Dex +4, Str/Int -1) [potion
                  | of mutation]
 25477 | D:4      | Gained mutation: You sometimes lose your temper in combat.
                  | [potion of mutation]
 25477 | D:4      | Gained mutation: You are partially covered in iridescent
                  | scales. (AC +2) [potion of mutation]
 25478 | D:4      | Lost mutation: You sometimes lose your temper in combat.
                  | [potion of mutation]
 25478 | D:4      | Lost mutation: You have large cloven feet. [potion of
                  | mutation]
 25478 | D:4      | Gained mutation: You occasionally lose the ability to drink
                  | potions when taking damage. [potion of mutation]
 25478 | D:4      | Lost mutation: You occasionally lose the ability to drink
                  | potions when taking damage. [potion of mutation]
 25662 | Orc:1    | Entered Level 1 of the Orcish Mines
 25914 | Orc:2    | Entered Level 2 of the Orcish Mines
 25914 | Orc:2    | Found a staircase to the Elven Halls.
 25918 | Orc:2    | Offered knowledge of Bombard by Vehumet.
 25926 | Orc:2    | Reached skill level 23 in Spellcasting
 26694 | Orc:1    | Noticed Fannar
 26698 | Orc:1    | Killed Fannar
 26768 | Orc:1    | Found Betox's CLEARANCE SALE!.
 26771 | Orc:1    | Bought a ring of fire for 75 gold pieces
 26771 | Orc:1    | Bought a scroll of enchant armour for 22 gold pieces
 27213 | Orc:2    | Offered knowledge of Orb of Destruction by Vehumet.
 27223 | Orc:2    | Learned a level 7 spell: Orb of Destruction
 27373 | Orc:2    | Found Dudipyuth's Magic Scroll Shoppe.
 27376 | Orc:2    | Found Aneamn's Assorted Antiques.
 27377 | Orc:2    | Found Baack's Magic Scroll Shoppe.
 27378 | Orc:2    | Found Zaxuwota's Magic Scroll Emporium.
 27381 | Orc:2    | Bought a scroll of identify for 20 gold pieces
 27381 | Orc:2    | Bought a scroll of blinking for 75 gold pieces
 27381 | Orc:2    | Bought a scroll of identify for 20 gold pieces
 27387 | Orc:2    | Bought a scroll of identify for 26 gold pieces
 27387 | Orc:2    | Bought 3 scrolls of identify for 78 gold pieces
 27387 | Orc:2    | Bought a scroll of identify for 26 gold pieces
 27387 | Orc:2    | Bought a scroll of identify for 26 gold pieces
 27387 | Orc:2    | Bought a scroll of teleportation for 39 gold pieces
 27423 | Orc:2    | Bought a scroll of blinking for 105 gold pieces
 27423 | Orc:2    | Bought a scroll of teleportation for 42 gold pieces
 27423 | Orc:2    | Bought a scroll of blinking for 105 gold pieces
 27423 | Orc:2    | Bought a scroll of identify for 28 gold pieces
 27423 | Orc:2    | Bought a scroll of teleportation for 42 gold pieces
 27808 | Shoals:1 | Identified the "Tiasuubb"
 27808 | Shoals:1 | Entered Level 1 of the Shoals
 27815 | Shoals:1 | Reached XP level 16. HP: 54/88 MP: 32/45
 27816 | Shoals:1 | Identified the +7 short sword of Sejeax {flame, Str+2
                  | Dex+3}
 28378 | Shoals:1 | Found Kiroleshe's Book Shop.
 28444 | Shoals:1 | Found Pale's General Store.
 28684 | Shoals:1 | Found Xulu's Assorted Antiques.
 29027 | Shoals:1 | Found Etzionoj's Weapon Shop.
 29307 | Shoals:2 | Reached skill level 24 in Spellcasting
 29821 | Shoals:2 | Reached ****** piety under Vehumet
 30118 | Shoals:3 | Identified the of Miuk
 30118 | Shoals:3 | Identified the of Nusariro
 30124 | Shoals:3 | Reached skill level 15 in Conjurations
 30353 | Shoals:3 | Found Xoogos's Jewellery Boutique.
 30501 | Shoals:3 | Offered knowledge of Ignition by Vehumet.
 30555 | Shoals:3 | Identified the +11 lajatang of Mayhem {flame, Will+}
 30743 | Shoals:3 | Learned a level 8 spell: Ignition
 31137 | Shoals:3 | Reached skill level 15 in Fire Magic
 31192 | Shoals:4 | Identified the of Hestrake
 31192 | Shoals:4 | Entered Level 4 of the Shoals
 31205 | Shoals:4 | Reached XP level 17. HP: 96/96 MP: 23/47
 31211 | Shoals:4 | Reached skill level 25 in Spellcasting
 31627 | Shoals:4 | Found a glowing golden altar of the Shining One.
 31996 | Shoals:4 | Got a barnacled rune of Zot
 32030 | Shoals:4 | Noticed Polyphemus
 32049 | Shoals:4 | Identified the +7 halberd of Qackapp {protect, Will+++}
 32055 | Shoals:4 | Slain by a death yak

Illustrated notes

Levels and vault maps discovered:
D:1:      minmay_arrival_open_corners, layout_basic
D:2:      layout_rooms, minmay_liquid_box, uniq_natasha
D:3:      layout_loops_cross
D:4:      layout_rooms, serial_shops, nicolae_shop_hallway_stairs,
          nicolae_shop_crystal, shop, nicolae_shop_tiny_real_fake_doors,
          grunt_ministairs_2, kennysheep_small_spiral, item_on_display_a
D:5:      layout_loops_corners, grunt_decor_cap
D:6:      layout_basic, minmay_misc_feat_secret_circle, serial_bayou_pond_b,
          serial_park_tiny_pond, minmay_circle_x, uniq_pikel, uniq_duvessa
D:7:      layout_layer_cave, minmay_temple_entry_drinking_statues,
          enter_bailey_2
D:8:      layout_loops_ring, serial_shops, shop
D:9:      layout_basic, hangedman_minor_magic, uniq_amaemon
D:10:     layout_roguey [special_room_orc], mainiacjoe_overflow_boulevard,
          kennysheep_generic_room_12
D:11:     layout_roguey, lair_entry_dummy, nicolae_shop_fire_sale
          [nicolae_sub_dead_trees]
D:12:     layout_layer_cave, erik_orc_2, uniq_nergalle
D:13:     layout_irregular_city, david_vaults_4
D:14:     layout_roguey, dk_noncrumbling_3, nemelex_diamond_rough_becter
D:15:     gammafunk_depths_entry_grave, layout_rooms,
          chequers_serial_rivers_marsh
Temple:   minmay_crystal_snake_temple
Lair:1:   layout_roguey, gammafunk_ghost_hydra_chop, serial_bayou_lagoon_b,
          lemuel_fruit_tree
Lair:2:   layout_cave_pods, alex1729_snake_entry_snake,
          nicolae_quartered_pool_impasse
Lair:3:   layout_cave_pods, minmay_shoals_entry_centaurs, basic_altar,
          uniq_josephine
Lair:4:   layout_regular_city, minmay_slime_entry_eyes,
          portal_ice_cave_entry_pillars_2
Lair:5:   hellmonk_lair_end_abyssal_woods, layout_cave_pods,
          infiniplex_staircase_pool, serial_bayou_shore_a
Shoals:1: layout_shoals, serial_shops, nicolae_shop_statue_plus, shop, shop,
          nicolae_shop_tiny_real_fake_doors, hangedman_shoal_volcano
Shoals:2: layout_shoals, nicolae_splish_splash
Shoals:3: layout_shoals, serial_shops, shop, nicolae_shoals_enchanted_isle
Shoals:4: shoals_end_hellmonk_holy_island, uniq_polyphemus
Orc:1:    layout_diamond_mine, nicolae_shop_clearance, uniq_fannar
Orc:2:    st_orc_pillars, layout_caves

Skill      XL: |  1  2  3  4  5  6  7  8  9 10 11 12 13 14 15 16 17 |
---------------+----------------------------------------------------+-----
Spellcasting   | 5 6 7 9 10 12 14 16 18 20 21 23 24 25 | 25.3
Fighting       | 1 2 3 4 5 6 7 |  7.7
Armour         | 1 2 4 5 6 7 8 |  8.0
Conjurations   | 2 3 4 5 7 8 9 11 12 13 14 15 | 15.7
Stealth        | 3 |  3.0
Dodging        | 3 |  3.0
Poison Magic   | 1 |  1.0
Air Magic      | 1 |  1.0
Evocations     | 1 |  1.0
Shields        | 1 2 3 5 |  5.1
Fire Magic     | 3 4 5 7 8 10 11 12 13 15 | 15.3
Transmutations | 1 |  1.1
Ice Magic      | 1 |  1.2
Summonings     | |  1.1
Translocations | |  1.1

Action                     |  1- 3 |  4- 6 |  7- 9 | 10-12 | 13-15 | 16-18 || total
---------------------------+-------+-------+-------+-------+-------+-------++-------
  Melee: Dagger            |     1 |       |       |       |       |       ||     1
         War axe           |    10 |    38 |       |       |       |       ||    48
         Spear             |       |    33 |   124 |   128 |    43 |       ||   328
         Punch             |       |     1 |     1 |     1 |       |       ||     3
         Staff             |       |       |       |       |     8 |     4 ||    12
   Cast: Magic Dart        |    98 |   102 |   117 |   104 |     1 |     1 ||   423
         Mephitic Cloud    |     1 |     6 |    23 |    40 |     1 |       ||    71
         Blink             |       |     1 |     1 |     5 |     1 |     1 ||     9
         Call Imp          |       |     2 |     5 |     4 |     2 |       ||    13
         Foxfire           |       |       |       |   174 |    30 |     1 ||   205
         Starburst         |       |       |       |    90 |   175 |     1 ||   266
         Freezing Cloud    |       |       |       |     3 |     9 |     3 ||    15
         Irradiate         |       |       |       |     1 |     8 |     2 ||    11
         Swiftness         |       |       |       |     1 |       |       ||     1
         Fireball          |       |       |       |       |   213 |   240 ||   453
         Orb of Destructio |       |       |       |       |       |     1 ||     1
  Evoke: Wand              |       |       |     8 |     1 |     2 |       ||    11
    Use: Scroll            |       |       |       |    12 |    15 |       ||    27
         Potion            |       |       |       |       |     5 |       ||     5
   Stab: Confused          |     2 |     7 |    22 |    14 |       |       ||    45
         Sleeping          |       |     1 |       |       |     1 |       ||     2
         Distracted        |       |       |       |     1 |       |       ||     1
 Armour: Robe              |    14 |    33 |    47 |       |    14 |       ||   108
         Acid dragon scale |       |       |       |   114 |   129 |       ||   243
         Ring mail         |       |       |       |       |    29 |    57 ||    86
  Dodge: Dodged            |    25 |    38 |    40 |   113 |   121 |    14 ||   351
  Block: Buckler           |       |       |       |       |    44 |    14 ||    58

Table legend: (Time is in decaauts)
 A = Elapsed time spent in this place.
 B = Non-inter-level travel time spent in this place.
 C = Inter-level travel time spent in this place.
 D = Time resting spent in this place.
 E = Time spent auto-exploring this place.
 F = Levels seen in this place.
 G = Mean time per level.
                   A        B        C        D        E       F      G
               +--------+--------+--------+--------+--------+-----+--------+
         Total |  32299 |  30234 |   2065 |   2569 |  22556 |  29 | 1113.8 |
       Dungeon |  17092 |  15656 |   1436 |    513 |  12408 |  15 | 1139.5 |
        Temple |    118 |     96 |     22 |      0 |      0 |   1 |  118.0 |
          Lair |   7118 |   6759 |    359 |    756 |   5221 |   5 | 1423.6 |
        Shoals |   4166 |   4041 |    125 |    747 |   2646 |   4 | 1041.5 |
  Orcish Mines |   2010 |   1889 |    121 |    440 |   1136 |   2 | 1005.0 |
        Bailey |    470 |    470 |      0 |    113 |    166 |   1 |  470.0 |
      Ice Cave |   1321 |   1321 |      0 |      0 |    977 |   1 | 1321.0 |
               +--------+--------+--------+--------+--------+-----+--------+

Top non-repeatable levels by time:
    D:12: 2065 daAuts
  Lair:5: 1840 daAuts
     D:6: 1661 daAuts
  Lair:3: 1556 daAuts
Shoals:3: 1510 daAuts
  Lair:4: 1473 daAuts
     D:7: 1364 daAuts
     D:1: 1347 daAuts
   IceCv: 1321 daAuts
  Lair:2: 1301 daAuts
     D:5: 1276 daAuts
    D:13: 1123 daAuts
Shoals:1: 1118 daAuts
   Orc:2: 1098 daAuts
     D:9: 1047 daAuts
